 Dungeon Crawl Stone Soup version 0.31-a0-960-g0fca184906 (webtiles) character file.

Game seed: 8585081956374593503

1496 Mgcat the Cleaver (level 9, -4/73 (75) HPs)
             Began as a Meteoran Fighter on Oct 23, 2023.
             Was an Initiate of Gozag.
             Slain by a wight
             ... wielding a +4 great sword
              (23 damage)
             ... on level 6 of the Dungeon.
             The game lasted 00:07:11 (3310 turns).

Mgcat the Cleaver (Meteoran Fighter)                Turns: 3310, Time: 00:07:11

HP:   -4/73 (75)    AC: 10    Str: 22    XL:     9   Next: 29%
MP:   10/10         EV:  9    Int:  9    God:    Gozag
Gold: 312           SH:  0    Dex: 15    Spells: 8/8 levels left

rFire   . . .        a - +0 war axe
rCold   . . .        w - orb {mayhem}
rNeg    + . .        b - +0 scale mail
rPois   .            i - +2 helmet
rElec   .            (no cloak)
rCorr   .            (no gloves)
SInv    .            (no boots)
Will    +....        k - amulet of the acrobat Stlth
                     r - ring of positive energy {rN+}
HPRegen 0.32/turn    (no ring)
MPRegen 0.12/turn

%: mayhem, acrobat
@: gold aura, glowing, lightly drained
A: sense surroundings 2, otherworldly, glowing, explore regen
a: Renounce Religion, Potion Petition, Call Merchant, Bribe Branch


You were on level 6 of the Dungeon.
You worshipped Gozag.
Gozag was aware of your devotion.
You visited 2 branches of the dungeon, and saw 8 of its levels.

You collected 380 gold pieces.
You paid 68 gold pieces to Gozag.

Inventory:

Hand Weapons
 a - a +0 war axe (weapon)
 q - the +7 great sword "Canub" {flame, rCorr}
   (You found it on level 6 of the Dungeon)

   rCorr:     It protects you from acid and corrosion.
Missiles
 s - a throwing net {=f, !d}
Armour
 b - a +0 scale mail (worn)
 c - a +0 buckler
 i - a +2 helmet (worn)
   (You found it on level 2 of the Dungeon)
 w - an orb of mayhem (worn)
   (You found it on level 7 of the Dungeon)
Jewellery
 k - an amulet of the acrobat (around neck)
   (You found it on level 3 of the Dungeon)
 r - a ring of positive energy (left hand) {rN+}
   (You found it on level 3 of the Dungeon)
Wands
 d - a wand of mindburst (5)
   (You took it off a gnoll on level 5 of the Dungeon)
Scrolls
 g - 2 scrolls of identify {unknown}
 j - a scroll of silence {unknown}
 m - 3 scrolls of poison {unknown}
 n - a scroll of fear {unknown}
 o - a scroll of torment {unknown}
 p - 2 scrolls of immolation {unknown}
 t - a scroll of blinking {unknown}
Potions
 e - a potion of curing {unknown}
 f - 2 potions of enlightenment {unknown}
 h - a potion of invisibility {unknown}
 l - a potion of lignification {unknown}
 u - 3 potions of brilliance {unknown}
 v - 2 potions of magic {unknown}


   Skills:
 + Level 6.1 Fighting
 * Level 8.4 Axes
 + Level 6.1 Armour
 + Level 6.1 Shields


You had 8 spell levels left.
You didn't know any spells.
Your spell library contained the following spells:

 Spells                   Type           Power      Damage    Failure   Level
 Sandblast                Erth           0%         2d4       69%         1
 Ensorcelled Hibernation  Hex/Ice        0%         N/A       83%         2
 Jinxbite                 Hex            0%         N/A       83%         2
 Passwall                 Tmut/Erth      0%         N/A       83%         2
 Poisonous Vapours        Pois/Air       0%         N/A       83%         2
 Sublimation of Blood     Necr           0%         N/A       83%         2
 Wereblood                Tmut           0%         N/A       83%         2
 Mephitic Cloud           Conj/Pois/Air  0%         N/A       96%         3
 Stone Arrow              Conj/Erth      0%         3d7       96%         3
 Volatile Blastmotes      Fire/Tloc      0%         2d10      96%         3
 Anguish                  Hex/Necr       0%         N/A       100%        4
 Brom's Barrelling Bould  Conj/Erth      0%         2d3       100%        4
 Fulminant Prism          Conj/Hex       0%         3d5       100%        4
 Iskenderun's Mystic Bla  Conj/Tloc      0%         2d3       100%        4
 Freezing Cloud           Conj/Ice/Air   0%         6-21      100%        5
 Summon Hydra             Summ           0%         N/A       100%        7


Dungeon Overview and Level Annotations

Branches:
Dungeon (7/15) Zot: 810    Temple (1/1) D:5 Zot: 570

Altars:
Cheibriados
Dithmenos
Gozag
Nemelex Xobeh
Qazlal
Ru
Sif Muna
Trog
Uskayaw
Vehumet
Wu Jian
Xom
Yredelemnul
Zin
The Shining One

Shops:
D:2 (:=   D:4 (


Innate Abilities, Weirdness & Mutations

You passively map the area around you.
You are easily found by Zot.
You glow in the dark.
You regain HP and MP as you explore.


Message History

The black bear is almost dead.
The black bear goes berserk!
You hit the black bear but do no damage.
The black bear is severely wounded.
The black bear bites you. The black bear barely misses you.
The black bear closely misses you.
You take 3 damage, and have 71/75 hp.
You hit the black bear.
The black bear is almost dead.
The black bear bites you. The black bear barely misses you.
The black bear claws you but does no damage.
The black bear bites you!
The black bear claws you but does no damage.
The black bear barely misses you.
You take 12 damage, and have 59/75 hp.
You slash the black bear!
You kill the black bear!
Your Fighting skill increases to level 6!
Your Armour skill increases to level 6!
Your Shields skill increases to level 6!
No target in view!
No target in view!
You now have 307 gold pieces (gained 8).
You see here a +0 hand axe.
You now have 312 gold pieces (gained 5).
HP restored.
Found a stone staircase leading up.
You regained 10 hp, and now have 69/75 hp.
There is a stone staircase leading up here.
A wight comes into view. It is wielding a +0 falchion.
Health restored: 75 Warning x2: The wight can hit for moderate damage in melee! x2
The wight misses you.
Danger x4: wight x4!
The wight completely misses you. The wight closely misses you.
The wight completely misses you.
You hit the wight.
The wight is moderately damaged.
The wight hits you with a +0 falchion. You partially resist.
You feel drained.
The wight hits you from afar with a +4 halberd!
You partially resist.
You feel drained.
You take 10 damage, and have 65/73 hp.
Warning x2: The wight can hit for moderate damage in melee! x2
You slash the wight!
You destroy the wight!
The wight closely misses you.
Your life force feels restored.
The wight closely misses you.
Items here: $ ( ) [.
Warning x2: The wight can hit for moderate damage in melee! x2
Warning x3: The wight can hit for moderate damage in melee! x3
You hit the wight but do no damage. The wight hits you with a +4 halberd!
You take 10 damage, and have 56/75 hp.
You are too injured to fight recklessly!
You are too injured to fight recklessly!
You are too injured to fight recklessly!
You slash the wight!
The wight is severely damaged.
You barely miss the wight. The wight hits you with a +4 halberd!!
You take 18 damage, and have 38/75 hp.
MASSIVE DAMAGE!!
Warning x3: The wight can hit for moderate damage in melee! x3
You barely miss the wight.
The wight is severely damaged.
You slash the wight! You closely miss the wight.
The wight hits you with a +2 falchion. You partially resist.
You feel drained.
The wight hits you with a +4 great sword!
You partially resist.
You feel drained. The wight hits you but does no damage.
You take 11 damage, and have 27/72 hp.
Warning x3: The wight can hit for moderate damage in melee! x3
You barely miss the wight.
The wight is severely damaged.
You hit the wight but do no damage. You barely miss the wight.
The wight hits you but does no damage.
The wight hits you with a +4 great sword.
You partially resist.
You feel drained. The wight barely misses you.
You take 3 damage, and have 24/71 hp.
Warning x3: The wight can hit for moderate damage in melee! x3
You closely miss the wight.
The wight is severely damaged.
You closely miss the wight. x2; The wight closely misses you.
The wight barely misses you.
The wight is distracted by your dazzling golden aura.
The wight hits you with a +2 falchion.
* * * LOW HITPOINT WARNING * * *
You take 3 damage, and have 21/71 hp.
Warning x3: The wight can hit for moderate damage in melee! x3
You slash the wight!
You destroy the wight!
The wight flies into a frenzy!
You barely miss the wight. You slash the wight! The wight barely misses you.
The wight closely misses the wight.
The wight hits you with a +2 falchion.
* * * LOW HITPOINT WARNING * * *
You take 2 damage, and have 19/73 hp.
Spoiler Alert: The wight can hit for moderate damage in melee!
You closely miss the wight.
The wight is heavily damaged.
You hit the wight.
The wight hits you with a +4 great sword!!
You die...
Your body crumbles into a pile of gold.

, ###.###....# #.........
#.#####.###.##.####.....#.#
**
###........<...#...)..###...#
,, ....##.#..#.#..######.#
.### .#.....#.......# #)###.#
..........#..#.# #.....#
###.####.###.#.# ##...## *
#..........#.# #...# *
#####....$@z.# #...# * *
#.####z###* #...# ,
#.##......######...#### ,
,#.##....#.#............ ,
,..#...... ............. ,
###.......#..........z. * ,,
*#.......######...###. * *
..!.....# #...# #. * ,
###....### #...# #.


You could see a wight and a neutral wight (fast, strong, frenzied).

Vanquished Creatures
  A black bear (D:6)
  An ice beast (D:5)
  2 ogres
  A kobold brigand (D:5)
  Blork the orc (D:6)
  5 wights
  A howler monkey (D:4)
  5 hounds
  2 orc priests
  A gnoll bouda (D:5)
  A sleepcap (D:7)
  Natasha (thrice) (D:2)
  2 iguanas
  3 orc wizards
  11 gnolls
  8 adders
  2 worms
  8 orcs
  2 endoplasms
  5 goblins
  3 hobgoblins
  4 jackals (D:3)
  12 kobolds
  4 quokkas
  3 ball pythons
  4 bats
  3 frilled lizards
  3 rats
101 creatures vanquished.

Vanquished Creatures (collateral kills)
  2 gnolls (D:7)
2 creatures vanquished.

Grand Total: 103 creatures vanquished

Notes
Turn   | Place    | Note
-------+----------+-------------------------------------------
     0 | D:1      | Mgcat the Meteoran Fighter began the quest for the Orb.
     0 | D:1      | Reached XP level 1. HP: 19/19 MP: 2/2
   133 | D:1      | Reached XP level 2. HP: 13/26 MP: 3/3
   138 | D:1      | You fall into a shaft and drop 1 floor!
   220 | D:2      | Found Jonacabe's Jewellery Shoppe.
   422 | D:2      | Found Uzxu's Antique Weapon Boutique.
   541 | D:2      | Noticed Natasha
   554 | D:2      | Killed Natasha
   555 | D:2      | Reached skill level 3 in Axes
   555 | D:2      | Reached XP level 3. HP: 20/31 MP: 4/4
   577 | D:2      | Reached XP level 4. HP: 16/40 MP: 5/5
   579 | D:2      | Noticed Natasha
   622 | D:2      | Killed Natasha
   741 | D:2      | Found Ciukinuq's Book Shoppe.
   846 | D:2      | Reached XP level 5. HP: 46/46 MP: 6/6
   857 | D:2      | Noticed Natasha
   866 | D:2      | Killed Natasha
   867 | D:2      | Reached skill level 4 in Axes
   997 | D:3      | Identified the "Ykke"
   997 | D:3      | Identified the "Biototug"
   997 | D:3      | Identified the of Osmibrirgh
  1112 | D:3      | Reached skill level 4 in Armour
  1115 | D:3      | Found a shimmering blue altar of Sif Muna.
  1131 | D:3      | Reached skill level 4 in Shields
  1182 | D:3      | Reached skill level 4 in Fighting
  1582 | D:4      | Reached XP level 6. HP: 50/52 MP: 7/7
  1750 | D:4      | Noticed an ogre
  1751 | D:4      | Reached skill level 5 in Axes
  1763 | D:4      | Killed an ogre
  1764 | D:4      | Reached XP level 7. HP: 32/60 MP: 8/8
  1845 | D:5      | Entered Level 5 of the Dungeon
  1958 | D:5      | Reached skill level 6 in Axes
  1989 | D:4      | HP: 10/60 [disintegration[a gnoll bouda] (15)]
  1994 | D:5      | HP: 11/60 [gnoll/+0 war axe[a gnoll bouda] (9)]
  2279 | D:4      | Found Boll's Weapon Boutique.
  2475 | D:5      | Reached skill level 5 in Fighting
  2475 | D:5      | Reached skill level 5 in Armour
  2475 | D:5      | Reached skill level 5 in Shields
  2475 | D:5      | Reached XP level 8. HP: 29/68 MP: 9/9
  2488 | D:5      | Found a staircase to the Ecumenical Temple.
  2502 | Temple   | Entered the Ecumenical Temple
  2520 | Temple   | Became a worshipper of Gozag Ym Sagoz the Greedy
  2747 | D:5      | Identified the +3 dagger "Ager" {heavy, Str+4}
  2832 | D:5      | Glimpsed the power of Zot.
  2836 | D:5      | Reached skill level 7 in Axes
  2904 | D:6      | Identified the +7 great sword "Canub" {flame, rCorr}
  2974 | D:6      | Noticed Blork the orc
  2980 | D:6      | Killed Blork the orc
  3013 | D:6      | HP: 14/68 [wight/+4 halberd (4)]
  3027 | D:6      | HP: 16/67 [orc/+0 trident (2)]
  3188 | D:7      | Gained mutation: You passively map the area around you.
                  | [Meteoran growth]
  3188 | D:7      | Reached XP level 9. HP: 54/73 MP: 10/10
  3197 | D:7      | Reached skill level 8 in Axes
  3272 | D:6      | Reached skill level 6 in Fighting
  3272 | D:6      | Reached skill level 6 in Armour
  3272 | D:6      | Reached skill level 6 in Shields
  3310 | D:6      | Slain by a wight

Illustrated notes

Levels and vault maps discovered:
D:1:      dpeg_arrival_connections, layout_basic
D:2:      layout_basic, serial_shops, shop, shop, shop, uniq_natasha
D:3:      layout_loops_cross, nicolae_sif_muna_condensation
D:4:      layout_loops_ring, serial_shops, nicolae_shop_stone
D:5:      layout_basic, marbit_many_paths, minmay_temple_entry_mist,
          minivault_25
D:6:      layout_loops_cross, uniq_blork_the_orc
D:7:      layout_loops_ring, mainiacjoe_overflow_alcove_1, serial_shops,
          nicolae_square_shop
Temple:   nicolae_temple_ecumenical_triangle

Skill      XL: |  1  2  3  4  5  6  7  8  9 |
---------------+----------------------------+-----
Axes           | 3 4 5 6 7 8 |  8.4
Armour         | 4 5 6 |  6.1
Shields        | 4 5 6 |  6.1
Fighting       | 4 5 6 |  6.1

Action                     |  1- 3 |  4- 6 |  7- 9 || total
---------------------------+-------+-------+-------++-------
  Melee: War axe           |    46 |   111 |   197 ||   354
    Use: Potion            |       |     1 |     3 ||     4
   Stab: Distracted        |       |       |     2 ||     2
 Armour: Scale mail        |    34 |    58 |   204 ||   296
  Dodge: Dodged            |    28 |    51 |   120 ||   199
  Block: Buckler           |    15 |    26 |    50 ||    91

Table legend: (Time is in decaauts)
 A = Elapsed time spent in this place.
 B = Non-inter-level travel time spent in this place.
 C = Inter-level travel time spent in this place.
 D = Time resting spent in this place.
 E = Time spent auto-exploring this place.
 F = Levels seen in this place.
 G = Mean time per level.
                   A        B        C        D        E       F      G
               +--------+--------+--------+--------+--------+-----+--------+
         Total |   3417 |   3336 |     81 |    410 |   2035 |   8 |  427.1 |
       Dungeon |   3388 |   3307 |     81 |    410 |   2035 |   7 |  484.0 |
        Temple |     29 |     29 |      0 |      0 |      0 |   1 |   29.0 |
               +--------+--------+--------+--------+--------+-----+--------+

Top non-repeatable levels by time:
     D:2: 889 daAuts
     D:5: 729 daAuts
     D:4: 680 daAuts
     D:3: 489 daAuts
     D:6: 253 daAuts
     D:7: 201 daAuts
     D:1: 143 daAuts
  Temple: 29 daAuts

Levels and vault maps discovered:
D:1:      dpeg_arrival_connections, layout_basic
D:2:      layout_basic, serial_shops, shop, shop, shop, uniq_natasha
D:3:      layout_loops_cross, nicolae_sif_muna_condensation
D:4:      layout_loops_ring, serial_shops, nicolae_shop_stone
D:5:      layout_basic, marbit_many_paths, minmay_temple_entry_mist,
          minivault_25
D:6:      layout_loops_cross, uniq_blork_the_orc
D:7:      layout_loops_ring, mainiacjoe_overflow_alcove_1, serial_shops,
          nicolae_square_shop
Temple:   nicolae_temple_ecumenical_triangle

Table legend: (Time is in decaauts)
 A = Elapsed time spent in this place.
 B = Non-inter-level travel time spent in this place.
 C = Inter-level travel time spent in this place.
 D = Time resting spent in this place.
 E = Time spent auto-exploring this place.
 F = Levels seen in this place.
 G = Mean time per level.
                   A        B        C        D        E       F      G
               +--------+--------+--------+--------+--------+-----+--------+
         Total |   3417 |   3336 |     81 |    410 |   2035 |   8 |  427.1 |
       Dungeon |   3388 |   3307 |     81 |    410 |   2035 |   7 |  484.0 |
        Temple |     29 |     29 |      0 |      0 |      0 |   1 |   29.0 |
               +--------+--------+--------+--------+--------+-----+--------+

Top non-repeatable levels by time:
     D:2: 889 daAuts
     D:5: 729 daAuts
     D:4: 680 daAuts
     D:3: 489 daAuts
     D:6: 253 daAuts
     D:7: 201 daAuts
     D:1: 143 daAuts
  Temple: 29 daAuts

Table legend:
 A = Kills in this place as a percentage of kills in the entire game.
 B = Kills by you in this place as a percentage of kills by you in the entire game.
 C = Kills by friends in this place as a percentage of kills by friends in the entire game.
 D = Other kills in this place as a percentage of other kills in the entire game.
 E = Experience gained in this place as a percentage of experience gained in the entire game.
 F = Experience gained in this place divided by the number of levels of this place that you have seen.
                   A       B       C       D       E      F
               +-------+-------+-------+-------+-------+----------------------
         Total | 100.0 | 100.0 | 100.0 |   N/A | 100.0 | 267.2
       Dungeon |  99.0 |  99.0 | 100.0 |   N/A |  98.0 | 299.4
        Temple |   1.0 |   1.0 |   0.0 |   N/A |   2.0 |  42.0
               +-------+-------+-------+-------+-------+----------------------
